 Dungeon Crawl Stone Soup version 0.28.0-43-g3370ac3207 (webtiles) character file.

Game seed: 670704871418393860

520 Gabide the Charlatan (level 6, -2/75 HPs)
             Began as a Demigod Artificer on Mar 28, 2022.
             Killed from afar by an orc wizard (5 damage)
             ... with a magic dart
             ... on level 5 of the Dungeon.
             The game lasted 00:07:34 (3630 turns).

Gabide the Charlatan (Demigod Artificer)            Turns: 3630, Time: 00:07:35

Health: -2/75      AC: 23    Str: 13    XL:     6   Next: 69%
Magic:  8/8        EV:  2    Int: 13    God:
Gold:   153        SH:  0    Dex: 22    Spells: 5/5 levels left

rFire   . . .      SeeInvis .   k - +2 spear of Qazlal's Favour {drain, rPois Will++}
rCold   . . .      Faith    .   (no shield)
rNeg    . . .      Spirit   .   (armour currently unavailable)
rPois   +          Reflect  .   (helmet currently unavailable)
rElec   .          Harm     .   (cloak currently unavailable)
rCorr   .          Rampage  .   (gloves currently unavailable)
Will    ++...      NoTele   +   (boots currently unavailable)
Stlth   ++........              (no amulet)
HPRegen 0.22/turn               (no ring)
MPRegen 0.11/turn               (no ring)

@: tree-form
A: stationary, stasis, torment immunity, boosted hp, high MP 1, forlorn, divine
attributes
a: no special abilities


You were on level 5 of the Dungeon.
You were a tree.
You visited 1 branch of the dungeon, and saw 5 of its levels.

You collected 243 gold pieces.
You spent 90 gold pieces at shops.

Inventory:

Hand Weapons
 f - a +0 trident of venom
 g - a +2 dagger of holy wrath
 k - the +2 spear of Qazlal's Favour (weapon) {drain, rPois Will++}
   (You found it on level 5 of the Dungeon)

   A truly terrible weapon, it drains the life of any living foe it strikes.
   rPois:     It protects you from poison.
   Will:      It greatly increases your willpower.
 s - a +2 antimagic falchion
Armour
 h - a +0 scale mail
 i - a +1 helmet (melded)
 l - a +0 ring mail (melded)
 n - a +0 pair of boots (melded)
Wands
 c - a wand of flame (5) (quivered)
 d - a wand of charming (11)
Scrolls
 a - a scroll of identify
 b - a scroll of summoning
 t - a scroll of enchant weapon
Potions
 j - a potion of might {unknown}
 m - a potion of heal wounds {unknown}
 o - a potion of lignification
 q - a potion of degeneration
Miscellaneous
 e - a piece from Xom's chessboard (15/15)


   Skills:
 * Level 2.8 Fighting
 + Level 3.3 Polearms
 + Level 2.9 Armour
 * Level 2.5 Dodging
 + Level 1.3 Stealth
 * Level 4.2 Evocations


You had 5 spell levels left.
You didn't know any spells.
Your spell library contained the following spells:

 Spells                   Type           Power      Damage    Failure   Level
 Dazzling Flash           Conj/Hex       0%         N/A       67%         3
 Iskenderun's Mystic Bla  Conj/Tloc      0%         2d3       97%         4
 Summon Forest            Summ/Tloc      0%         N/A       100%        5
 Summon Mana Viper        Hex/Summ       0%         N/A       100%        5
 Starburst                Conj/Fire      0%         6d3       100%        6
 Summon Cactus Giant      Summ           0%         N/A       100%        6


Dungeon Overview and Level Annotations

Branches:
Dungeon (6/15)             Temple (0/1) D:6

Shops:
D:6 ?


Innate Abilities, Weirdness & Mutations

You are a tree.
Your roots penetrate the ground, keeping you stationary.
You cannot be teleported.
You are immune to unholy pain and torment.
Your maximum health is greatly increased.
Your equipment is partially melded.
You have an increased reservoir of magic. (+10% MP)
You shall have no god before yourself.
Your divine heritage dramatically boosts your attributes as you level up.


Message History

Your orc dies!
The orc closely misses you.
You hit something. Your punch misses something. Something hits you.
Something burns you.
* * * LOW HITPOINT WARNING * * *
The orc barely misses you.
You hit something.
The orc priest looks satisfied for a moment.
You hear some strange, mumbled words.
A magic dart appears from out of thin air!
The magic dart hits you!
* * * LOW HITPOINT WARNING * * *
The orc hits you but does no damage.
Unknown command.
Okay, then.
Unknown command.
It was a potion of lignification.
You turn into a tree.
Your +1 helmet melds into your body.
Your +0 pair of boots melds into your body.
Your +0 ring mail melds into your body.
Your roots penetrate the ground.
The orc priest casts a cantrip, but nothing happens.
You hear some strange, mumbled words.
A puff of flame appears from out of thin air!
The puff of flame misses you.
The orc hits you from afar with a +0 trident!
* * * LOW HITPOINT WARNING * * *
You cannot move.
You cannot move.
You cannot move.
You cannot move.
You cannot move.
You cannot move.
You cannot move.
You cannot move.
You barely miss something.
The orc priest looks satisfied for a moment.
You hear some strange, mumbled words.
A magic dart appears from out of thin air!
The magic dart hits you.
You die...

######+## #......#.##.#####.#
#.......# #........<#.# #.#
........# [# #...)..:..#.# #.#
........##.# #...o.###.#.# #.#
...####..#.# #.....# ###.#####.#
...#####.#.# #.....# #.........##
.......#.#.# ###o### #.#.#####...
...###.#.#.# #{# #.......#.##
.....#.#.#.#####♣# #####.###.#.#
.................# #.......#.#.##
...#.#.#........####.###.#.#.#.#.
..##.#.##..####......#...#.#.#.#.
#.# #.##..###############.#.#.#.
.# #....>......# ###.#.#.
#.###.####### ..P#####.....
#.###.##### _.P......#.##
#.........# P.P##.P#.#...


You could see an orc priest and an orc.

Vanquished Creatures
  An ogre (D:5)
  2 scorpions (D:6)
  A wyvern skeleton (D:5)
  An orc priest (D:6)
  An iguana (D:6)
  2 orc wizards
  A howler monkey zombie (D:5)
  7 adders
  A worm (D:2)
  A dart slug (D:3)
  6 orcs
  7 endoplasms
  A giant cockroach (D:2)
  14 goblins
  6 hobgoblins
  2 jackals (D:1)
  A quokka (D:2)
  5 ball pythons
  6 bats
  3 frilled lizards
  6 kobolds
  10 rats
85 creatures vanquished.

Vanquished Creatures (others)
  2 orcs
2 creatures vanquished.

Grand Total: 87 creatures vanquished

Notes
Turn   | Place    | Note
-------+----------+-------------------------------------------
     0 | D:1      | Gabide the Demigod Artificer began the quest for the Orb.
     0 | D:1      | Reached XP level 1. HP: 15/15 MP: 3/3
   117 | D:1      | Reached skill level 1 in Dodging
   305 | D:1      | Reached skill level 1 in Fighting
   308 | D:1      | Reached skill level 3 in Evocations
   476 | D:1      | Reached XP level 2. HP: 23/23 MP: 4/4
  1201 | D:2      | Reached XP level 3. HP: 14/28 MP: 5/5
  1358 | D:2      | Reached skill level 1 in Stealth
  1447 | D:2      | Reached skill level 1 in Polearms
  1797 | D:2      | Reached XP level 4. HP: 36/36 MP: 6/6
  2102 | D:3      | You fall into a shaft and drop 3 floors!
  2102 | D:6      | Found Soxalaz's Magic Scroll Emporium.
  2128 | D:6      | Reached XP level 5. HP: 15/41 MP: 2/7
  2138 | D:6      | Bought a scroll of enchant weapon for 90 gold pieces
  2534 | D:6      | Found a staircase to the Ecumenical Temple.
  2694 | D:5      | Entered Level 5 of the Dungeon
  2734 | D:5      | Reached skill level 4 in Evocations
  2734 | D:5      | Reached XP level 6. HP: 50/50 MP: 8/8
  3183 | D:5      | Identified the +2 spear of Qazlal's Favour {drain, rPois
                  | Will++}
  3629 | D:5      | HP: 2/75 [orc/+0 trident (7)]
  3630 | D:5      | Killed from afar by an orc wizard

Illustrated notes

Levels and vault maps discovered:
D:1:      saegor_arrival_simple_d, layout_loops_corners
D:2:      cheibrodos_greedy_goblins, layout_basic, guppyfry_early_lair_pool
D:3:      layout_rooms, eat_drink_and_be_merry_uskayaw, dk_xom_monty_hall,
          led_sif_pool
D:5:      layout_basic, nicolae_ru_the_path_less_chosen,
          kennysheep_okawaru_gauntlet
D:6:      layout_loops_corners, tso_oasis_becter,
          minmay_temple_entry_proselytizer, serial_shops, nicolae_diamond_shop

Skill      XL: |  1  2  3  4  5  6 |
---------------+-------------------+-----
Dodging        | 1 2 |  2.5
Fighting       | 1 2 |  2.8
Evocations     | 3 4 |  4.2
Stealth        | 1 |  1.3
Polearms       | 1 2 3 |  3.3
Armour         | 2 |  2.9

Action                   |  1- 3 |  4- 6 || total
-------------------------+-------+-------++-------
Melee: Trident           |   142 |    97 ||   239
       Punch             |     1 |     2 ||     3
       Spear             |       |    21 ||    21
Evoke: Wand              |       |    14 ||    14
       Piece from Xom's  |       |     1 ||     1
  Use: Scroll            |       |     6 ||     6
       Potion            |       |     1 ||     1
 Stab: Sleeping          |     1 |     2 ||     3
       Distracted        |       |     1 ||     1
       Confused          |       |     1 ||     1
Armor: Scale mail        |    25 |       ||    25
       Ring mail         |    25 |    36 ||    61
Dodge: Dodged            |    58 |    68 ||   126
